AoeStats
← 君士坦丁十一世

Black Forest

510279311Analyzed
4v4 RM · 2d ago on Sep 30, 2026· 32m 55s· 8 players
Game mode
Random Map
Map size
Large (8 player)
Population
200
Speed
Normal
Resources
Standard
Victory
Conquest
Starting age
Dark Age
Ending age
Imperial Age
RankedLock teamsTeams togetherTeam positionsShared explorationLock speedFull tech treeHidden civsTurbo modeCheats
Victory
Defeat
🇨🇳 Persians · China
1072
+12
🇧🇷 Saracens · Brazil
1018
+14
🇨🇳 Bulgarians · China
901
+19
🇹🇷 Lithuanians · Türkiye
896
+19
🇨🇳 Italians · China
1013
-18
🇺🇸 Mongols · United States
977
-16
🇨🇳 Khmer · China
958
-15
🇹🇼 Varangians · Taiwan
956
-15
✪ ahahaha
2:29 Loom
10:03 Feudal Age
15:20 Castle Age
13:57 Double-Bit Axe
17:09 Bow Saw
20:08 Horse Collar
24:35 Wheelbarrow
25:00 Nomads
27:25 Bloodlines
29:56 Hand Cart
30:08 Scale Barding Armor
29:54 Fletching
30:37 Ballistics
34:56 Imperial Age
Mika_168
11:00 Feudal Age
14:54 Castle Age
14:01 Double-Bit Axe
13:58 Horse Collar
22:26 Loom
27:03 Fletching
27:05 Crossbowman
30:55 Bodkin Arrow
森永
8:42 Loom
10:28 Feudal Age
16:32 Castle Age
16:13 Double-Bit Axe
16:11 Horse Collar
16:25 Stone Mining
20:06 Bow Saw
28:15 Wheelbarrow
27:58 Heavy Plow
27:52 Gold Mining
29:19 Stone Shaft Mining
29:35 Forging
31:01 Hand Cart
31:08 Scale Mail Armor
31:34 Ballistics
32:43 Pikeman
33:23 Squires
君士坦丁十一世
12:35 Feudal Age
15:26 Castle Age
13:36 Double-Bit Axe
13:35 Horse Collar
16:56 Bow Saw
17:29 Heavy Plow
22:10 Wheelbarrow
23:56 Gold Mining
26:08 Gold Shaft Mining
27:58 Bloodlines
30:44 Imperial Age
29:14 Scale Barding Armor
30:33 Scale Mail Armor
30:46 Forging
32:41 Stone Mining
President of USA
2:56 Loom
3:21 Loom
12:42 Feudal Age
16:21 Castle Age
14:23 Double-Bit Axe
14:40 Horse Collar
18:55 Bow Saw
19:48 Wheelbarrow
21:36 Heavy Plow
25:02 Hand Cart
29:10 Imperial Age
26:36 Gold Mining
28:23 Gold Shaft Mining
27:57 Scale Barding Armor
28:03 Forging
29:00 Chain Barding Armor
28:53 Stone Mining
30:09 Plate Barding Armor
30:04 Conscription
30:03 Heavy Plow
30:58 Stone Shaft Mining
31:35 Two-Man Saw
31:13 Iron Casting
30:44 Husbandry
30:55 Bloodlines
30:17 Elite War Elephant
32:42 Chemistry
32:03 Ballistics
31:41 Town Watch
31:50 Fletching
33:00 Blast Furnace
31:42 Heavy Scorpion
32:45 Bodkin Arrow
33:22 Crop Rotation
LaoWoo
0:28 Loom
11:44 Feudal Age
16:18 Castle Age
14:57 Double-Bit Axe
14:54 Horse Collar
17:32 Squires
19:13 Town Watch
26:10 Scale Mail Armor
26:20 Forging
26:56 Chain Mail Armor
28:46 Gold Mining
28:46 Gambesons
28:47 Arson
32:22 Pikeman
Renannve
8:44 Loom
10:30 Feudal Age
11:21 Feudal Age
13:43 Wheelbarrow
16:07 Castle Age
14:32 Horse Collar
14:55 Double-Bit Axe
18:00 Heavy Plow
20:33 Bow Saw
27:44 Imperial Age
25:32 Hand Cart
27:12 Husbandry
27:41 Forging
27:37 Scale Barding Armor
28:50 Light Cavalry
30:27 Chain Barding Armor
31:23 Two-Man Saw
32:07 Bloodlines
sonsehzadee
1:13 Loom
10:58 Feudal Age
14:20 Horse Collar
18:19 Castle Age
16:46 Double-Bit Axe
17:12 Stone Mining
17:33 Gold Mining
21:15 Stone Shaft Mining
22:38 Loom
25:06 Wheelbarrow
25:47 Heavy Plow
26:18 Caravan
27:40 Hand Cart
32:48 Imperial Age
30:56 Bow Saw
31:41 Coinage
32:42 Hill Forts
Connection lost

Rejoining the realm…

Still unreachable

The connection could not be restored.

Session expired

The server has moved on; the page needs a fresh start.